 Dungeon Crawl Stone Soup version 0.29-a0-757-g358383bc75 (webtiles) character file.

Game seed: 17567678576657292501

143746 Shayle the Fighter (level 17, -1/164 (165) HPs)
             Began as a Naga Ice Elementalist on June 28, 2022.
             Was a Priest of Ashenzari.
             Slain by Bai Suzhen (16 damage)
             ... on level 4 of the Spider Nest on June 30, 2022.
             The game lasted 04:29:33 (49946 turns).

Shayle the Fighter (Naga Ice Elementalist)         Turns: 49946, Time: 04:29:34

HP:   -1/164 (165)  AC: 30    Str: 14 (17) XL:     17   Next: 38%
MP:   5/32          EV:  9    Int: 21 (23) God:    Ashenzari [***...]
Gold: 1581          SH:  6    Dex: 11 (12) Spells: 1/39 levels left

rFire   + . .      SeeInvis +   i - +5 war axe (venom)
rCold   + . .      Faith    .   x - +1 buckler of the Ruined Doubts {Fort, Comp} (curse)
rNeg    . . .      Spirit   .   q - +3 leather armour {rC+}
rPois   +          Reflect  .   (no helmet)
rElec   .          Harm     .   m - +2 cloak "Mantic Existentialism" {Alch, Bglg} (curse)
rCorr   .          Rampage  .   e - +1 pair of gloves "Ruined Together" {Cun, Elem} (curse)
Will    ++...      Clarity  +   D - +2 barding {rF+}
Stlth   +++.......              r - amulet of magic regeneration
HPRegen 0.37/turn               G - ring of the Profound Heavens {Str+6, Evo, Melee} (curse)
MPRegen 0.63/turn               H - ring of Ashenzari's Vision {AC+4, Range, Self} (curse)

@: mighty, lightly drained, very slow
A: AC +5, large, see invisible, deformed body, poison resistance, slowness 2,
spit poison 1, naga tail 2
a: Spit Poison, Renounce Religion, Curse Item, Shatter the Chains


You were on level 4 of the Spider Nest.
You worshipped Ashenzari.
Ashenzari was most pleased with you.
You visited 5 branches of the dungeon, and saw 26 of its levels.

You collected 2199 gold pieces.
You spent 618 gold pieces at shops.

Inventory:

Hand Weapons
 i - a +5 war axe of venom (weapon)
 v - a +1 scimitar of flaming
 z - a +6 rapier of speed
Missiles
 y - 2 throwing nets
 F - 7 curare-tipped darts
 J - 4 silver boomerangs (quivered)
Armour
 e - the cursed +1 pair of gloves "Ruined Together" (worn) {Cun, Elem}
   (You found it on level 1 of the Dungeon)

   It has a curse which improves the following skills: Cunning: Dodging and
   Stealth.
   Elements:  Fire Magic, Ice Magic, Air Magic and Earth Magic.
 m - the cursed +2 cloak "Mantic Existentialism" (worn) {Alch, Bglg}
   (You found it on level 2 of the Dungeon)

   It has a curse which improves the following skills: Alchemy: Poison Magic and
   Transmutations.
   Beguiling: Conjurations, Hexes and Translocations.
 q - a +3 leather armour of cold resistance (worn)
 w - the +1 leather armour "Tonnuqag" {rF+}
   (You found it on level 2 of the Spider Nest)

   rF:        It protects you from fire.
 x - the cursed +1 buckler of the Ruined Doubts (worn) {Fort, Comp}
   (You found it on level 4 of the Dungeon)

   It has a curse which improves the following skills: Fortitude: Armour and
   Shields.
   Companions: Summonings and Necromancy.
 D - a +2 barding of fire resistance (worn)
Jewellery
 g - an amulet of regeneration
 r - an amulet of magic regeneration (around neck)
 A - a +4 ring of slaying
 G - the cursed ring of the Profound Heavens (left hand) {Str+6, Evo, Melee}
   (You found it on level 6 of the Dungeon)

   [ring of strength]

   Str:       It affects your strength (+6).
   It has a curse which improves the following skills: Evocations: Evocations.
   Melee Combat: Short Blades, Long Blades, Axes, Maces & Flails, Polearms,
   Staves and Unarmed Combat.
 H - the cursed ring of Ashenzari's Vision (right hand) {AC+4, Range, Self}
   (You found it on level 6 of the Dungeon)

   [ring of protection]

   AC:        It affects your AC (+4).
   It has a curse which improves the following skills: Ranged Combat: Ranged
   Weapons and Throwing.
   Introspection: Fighting and Spellcasting.
Wands
 u - a wand of mindburst (2)
 K - a wand of charming (33)
 L - a wand of flame (31)
 P - a wand of digging (6)
Scrolls
 h - 4 scrolls of fog
 j - 11 scrolls of teleportation
 l - a scroll of fear
 t - 5 scrolls of poison
 O - a scroll of silence
 U - 7 scrolls of magic mapping
Potions
 a - 2 potions of cancellation
 b - a potion of magic
 c - 7 potions of haste
 d - 2 potions of might
 f - 8 potions of attraction
 k - 4 potions of curing
 n - 5 potions of mutation
 o - 2 potions of berserk rage
 s - 2 potions of ambrosia
 B - 10 potions of flight
 C - 9 potions of lignification
 I - 8 potions of brilliance
 N - 3 potions of invisibility
 S - 5 potions of resistance


   Skills:
 + Level 12.4(13.9) Fighting
 - Level 3.0(4.4) Ranged Weapons
 - Level 6.2(7.9) Throwing
 - Level 11.4(13.0) Armour
 + Level 6.4(8.1) Dodging
 - Level 6.5(8.1) Stealth
 - Level 4.4(6.0) Shields
 - Level 8.4(10.1) Unarmed Combat
 + Level 10.1(11.7) Spellcasting
 - Level 8.5(10.2) Conjurations
 - Level 2.2(3.5) Hexes
 - Level 5.0(6.5) Necromancy
 - Level 7.9(9.6) Translocations
 - Level 5.2(6.8) Transmutations
 * Level 10.7(12.3) Fire Magic
 - Level 5.2(6.8) Ice Magic
 - Level 6.8(8.4) Earth Magic
 - Level 3.2(4.7) Poison Magic
 - Level 6.1(7.8) Evocations


You had one spell level left.
You knew the following spells:

 Your Spells              Type           Power      Damage    Failure   Level
a - Irradiate             Conj/Tmut      24%        3d21      6%          5
b - Frozen Ramparts       Ice            82%        1d10      1%          3
c - Ozocubu's Armour      Ice            41%        N/A       1%          3
d - Hailstorm             Conj/Ice       48%        3d11      2%          4
e - Poisonous Vapours     Pois/Air       44%        N/A       4%          2
f - Blink                 Tloc           100%       N/A       1%          2
g - Borgnjor's Vile Clut  Necr/Erth      21%        N/A       10%         5
h - Mephitic Cloud        Conj/Pois/Air  33%        N/A       3%          3
i - Manifold Assault      Tloc           51%        N/A       4%          5
j - Iron Shot             Conj/Erth      25%        9d5       26%         6

Your spell library contained the following spells:

 Spells                   Type           Power      Damage    Failure   Level
 Apportation              Tloc           100%       N/A       1%          1
 Beastly Appendage        Tmut           80%        N/A       1%          1
 Freeze                   Ice            100%       1d11      1%          1
 Necrotize                Necr           100%       1d9       1%          1
 Shock                    Conj/Air       100%       1d9       1%          1
 Summon Small Mammal      Summ           52%        N/A       7%          1
 Sublimation of Blood     Necr           39%        N/A       1%          2
 Lesser Beckoning         Tloc           51%        N/A       1%          3
 Vampiric Draining        Necr           39%        2d8       1%          3
 Passage of Golubria      Tloc           51%        N/A       1%          4
 Spider Form              Tmut/Pois      36%        N/A       2%          3
 Petrify                  Tmut/Erth      44%        N/A       3%          4
 Ice Form                 Ice/Tmut       40%        N/A       4%          4
 Animate Dead             Necr           39%        N/A       5%          4
 Summon Guardian Golem    Hex/Summ       20%        N/A       11%         3
 Animate Armour           Summ/Erth      60%        N/A       13%         4
 Blade Hands              Tmut           20%        N/A       13%         5
 Agony                    Necr           39%        N/A       14%         5
 Corpse Rot               Necr/Pois/Air  28%        N/A       16%         4
 Alistair's Intoxication  Tmut/Pois      24%        N/A       21%         5
 Call Canine Familiar     Summ           13%        N/A       22%         3
 Swiftness                Air            13%        N/A       22%         3
 Airstrike                Air            6%         N/A       56%         4
 Simulacrum               Ice/Necr       20%        N/A       58%         6
 Death Channel            Necr           19%        N/A       63%         6
 Silence                  Hex/Air        10%        N/A       69%         5
 Ozocubu's Refrigeration  Ice            20%        4d9       98%         7
 Storm Form               Tmut/Air       13%        N/A       100%        7
 Lehudib's Crystal Spear  Conj/Erth      25%        10d7      100%        8
 Chain Lightning          Conj/Air       17%        3d22      100%        9
 Fire Storm               Conj/Fire      28%        8d7       100%        9
 Shatter                  Erth           23%        3d20*     100%        9


Dungeon Overview and Level Annotations

Branches:
Dungeon (13/15)            Temple (1/1) D:6            Lair (6/6) D:10
 Shoals (0/4) Lair:2       Spider (4/4) Lair:3        Slime (0/5) Lair:6
    Orc (2/2) D:12            Elf (0/3) Orc:2        Vaults (0/5) D:13

Altars:
Ashenzari
Cheibriados
Gozag
Hepliaklqana
Nemelex Xobeh
Trog
Vehumet
Wu Jian
Zin
Beogh
Jiyva

Shops:
D:2 (   D:4 *   Orc:1 =   Orc:2 ?:*

Annotations:
D:7 1 runed translucent door, Atlas's ghost, novice DsIE
D:9 exclusion: statue
D:13 2 transporters, exclusion: obsidian statue, Mexzoddasi's ghost, journeyman MiBe
Lair:5 1 runed translucent door
Lair:6 2 runed translucent doors
Spider:4 Bai Suzhen


Innate Abilities, Weirdness & Mutations

Your serpentine skin is tough. (AC +5)
You have supernaturally acute eyesight. (SInv)
Armour fits poorly on your strangely shaped body.
Your system is resistant to poisons. (rPois)
You cover ground very slowly.
You can spit poison.
You can use your snake-like lower body to constrict enemies.


Message History

Splash!
You fall into the shallow water.
Moving in this stuff is going to be slow.
Unknown command.
You feel very mighty all of a sudden.
You are standing in a thunderstorm.
You are struck by lightning!
You block Bai Suzhen's attack.
Bai Suzhen claws you but does no damage.
Bai Suzhen tramples you but does no damage.
You hit Bai Suzhen.
Bai Suzhen is heavily wounded.
Bai Suzhen barely misses you. Bai Suzhen completely misses you.
Bai Suzhen tramples you but does no damage.
Unknown command.
You barely miss Bai Suzhen.
Bai Suzhen is heavily wounded.
You are standing in a thunderstorm.
Bai Suzhen bites you.
Bai Suzhen claws you but does no damage.
Bai Suzhen tramples you but does no damage.
Bai Suzhen bites you! You block Bai Suzhen's attack. x2
Your magical contamination has completely faded away.
You hit Bai Suzhen.
Bai Suzhen is heavily wounded.
You are standing in a thunderstorm.
You are struck by lightning!
Bai Suzhen bites you but does no damage.
Bai Suzhen claws you but does no damage.
Bai Suzhen tramples you but does no damage.
Unknown command.
You hit Bai Suzhen but do no damage.
Bai Suzhen is poisoned.
Bai Suzhen is heavily wounded.
You are standing in a thunderstorm.
Bai Suzhen breathes water at you. The torrent of water hits you!!
* * * LOW HITPOINT WARNING * * *
You are knocked back by the torrent of water.
You slam into the rock wall!
* * * LOW HITPOINT WARNING * * *
Splash!
The wave splashes down.
Bai Suzhen bites you!
You die...

#### #..### ##^...##
###......####### #
###.....^..^^^##.##
###......#^^........#*#### #
^#......^###.......###.#.#.#.
* .......^##
##..≈§§§.#........,
...##.######...#@D§≈#§.......
* .######
#.##..≈§§§≈≈≈....... ##
##......≈≈##≈≈...^..§ *
#........##..#..##.#.,*
#^#.......#..#.## * ,^
####..^.......^#
####.......## ##..#.^## ,,
##.#### ,


You could see Bai Suzhen (clouds, poisoned, catching breath).

Vanquished Creatures
  Arachne (Spider:3)
  3 ghost moths
  An orc warlord (Orc:2)
  3 broodmothers
  9 entropy weavers
  A spark wasp (Spider:3)
  An ettin (Orc:1)
  3 boulder beetles
  An ice dragon (D:13)
  A jorogumo (Spider:2)
  7 hydras
  4 radroaches
  4 centaur warriors
  A two-headed ogre (D:9)
  7 dancing weapons (Spider:2)
  A death scarab (Spider:1)
  2 orc high priests (Orc:1)
  Nergalle (Lair:4)
  5 pharaoh ants
  10 orb spiders
  2 sun moths (Spider:1)
  12 steelbarb worms
  5 lindwurms
  A harpy (shapeshifter) (D:13)
  3 orc knights (Orc:2)
  5 oklob plants
  Pikel (D:5)
  17 wolf spiders
  6 cyclopes
  4 orc sorcerers (Orc:2)
  2 ugly things
  3 moths of wrath
  6 black mambas
  26 elephants
  A manticore (D:13)
  Maurice (Orc:1)
  2 unseen horrors (D:12)
  A gargoyle (D:11)
  An efreet (D:13)
  4 torpor snails
  2 molten gargoyles (Lair:6)
  17 cane toads
  24 komodo dragons
  6 rime drakes
  A freezing wraith (D:13)
  3 demonic crawlers
  2 burning bushes (Lair:6)
  3 meliai (Spider:1)
  7 trolls
  2 polar bears
  6 blink frogs
  22 tarantellas
  Prince Ribbit (D:6)
  3 slime creatures (D:12)
  Grinder (D:4)
  10 hornets
  A culicivora (shapeshifter) (D:13)
  Sigmund (D:2)
  A shadow (D:11)
  A spriggan (Lair:3)
  22 jumping spiders
  A wraith (D:12)
  13 culicivoras
  43 yaks
  6 basilisks
  7 wyverns
  44 redbacks
  2 steam dragons (Lair:6)
  8 vampire mosquitoes
  Menkaure (D:6)
  4 wargs
  A floating eye (Lair:4)
  4 hell hounds (Lair:6)
  Duvessa (D:5)
  20 water moccasins
  40 orc warriors
  An ice beast (D:6)
  3 black bears
  11 ogres
  22 wolves
  23 centaurs
  3 lemures (D:5)
  3 phantoms
  Blork the orc (D:6)
  2 kobold brigands
  2 gnoll sergeants
  8 bullfrogs
  2 scorpions
  12 wights
  Dowan (D:5)
  An oklob sapling (D:12)
  5 killer bees (D:7)
  3 electric eels
  8 howler monkeys
  7 hounds
  5 lava snakes (Lair:6)
  3 jellies
  18 orc priests
  A gnoll shaman (D:5)
  3 iguanas (D:6)
  Jessica (D:2)
  Natasha (twice) (D:2)
  19 orc wizards
  A mummy (D:9)
  28 gnolls
  9 adders
  3 shadow imps
  5 white imps
  2 ufetubi
  A worm (D:2)
  3 dart slugs
  90 orcs
  6 bats
  8 endoplasms
  3 giant cockroaches
  7 goblins
  5 hobgoblins
  16 jackals
  12 kobolds
  2 quokkas (D:4)
  13 ball pythons
  2 frilled lizards (D:3)
  9 rats
895 creatures vanquished.

Vanquished Creatures (others)
  A centaur warrior (Orc:2)
  An unseen horror (D:11)
  An ice beast (D:8)
  A bush (Lair:6)
  103 fungi
  141 plants
248 creatures vanquished.

Grand Total: 1143 creatures vanquished

Notes
Turn   | Place    | Note
-------+----------+-------------------------------------------
     0 | D:1      | Shayle the Naga Ice Elementalist began the quest for the
                  | Orb.
     0 | D:1      | Reached XP level 1. HP: 15/15 MP: 3/3
   479 | D:1      | Reached XP level 2. HP: 17/24 MP: 5/5
  1483 | D:1      | Reached XP level 3. HP: 30/30 MP: 6/6
  1606 | D:1      | Learned a level 3 spell: Frozen Ramparts
  1635 | D:1      | Reached skill level 1 in Fighting
  1809 | D:2      | Noticed Sigmund
  1842 | D:2      | Noticed a scorpion
  1855 | D:2      | Killed a scorpion
  1856 | D:2      | Reached XP level 4. HP: 38/38 MP: 1/7
  1935 | D:2      | Found Toathrah's Weapon Shoppe.
  1977 | D:2      | Found a faded altar of an unknown god.
  1983 | D:2      | Noticed Natasha
  1998 | D:2      | Killed Natasha
  2187 | D:2      | Reached XP level 5. HP: 31/45 MP: 4/9
  2368 | D:2      | Reached skill level 2 in Fighting
  2423 | D:2      | Noticed Natasha
  2437 | D:2      | Killed Natasha
  2627 | D:2      | Killed Sigmund
  2628 | D:2      | Reached skill level 5 in Stealth
  2628 | D:2      | Reached XP level 6. HP: 45/55 MP: 6/10
  2813 | D:2      | Noticed Jessica
  2817 | D:2      | Killed Jessica
  2908 | D:2      | Reached skill level 5 in Ice Magic
  3250 | D:3      | Learned a level 3 spell: Ozocubu's Armour
  3255 | D:3      | Learned a level 4 spell: Hailstorm
  3261 | D:3      | Found a broken altar of Ashenzari.
  3272 | D:3      | Became a worshipper of Ashenzari the Shackled
  3588 | D:3      | Reached XP level 7. HP: 56/61 MP: 6/12
  4231 | D:3      | Found an ornate altar of the Wu Jian Council.
  4618 | D:4      | Noticed Grinder
  4673 | D:4      | Found Dahiur's CLEARANCE SALE!.
  4681 | D:4      | Bought a scroll of enchant weapon for 30 gold pieces
  4681 | D:4      | Bought a scroll of enchant armour for 30 gold pieces
  4740 | D:4      | Reached skill level 3 in Fighting
  4740 | D:4      | Reached skill level 1 in Conjurations
  4936 | D:4      | Reached skill level 1 in Poison Magic
  5011 | D:4      | Reached * piety under Ashenzari
  5015 | D:4      | Learned a level 2 spell: Poisonous Vapours
  5159 | D:5      | Entered Level 5 of the Dungeon
  5217 | D:5      | Reached skill level 1 in Hexes
  5217 | D:5      | Reached skill level 1 in Translocations
  5217 | D:5      | Reached skill level 1 in Transmutations
  5566 | D:4      | Paralysed by Grinder for 2 turns
  5571 | D:4      | Killed Grinder
  5572 | D:4      | Reached XP level 8. HP: 56/69 MP: 8/13
  6008 | D:5      | Noticed Duvessa
  6008 | D:5      | Noticed Dowan
  6012 | D:5      | Killed Dowan
  6017 | D:5      | Killed Duvessa
  6522 | D:5      | Reached skill level 1 in Shields
  7393 | D:5      | Reached skill level 4 in Fighting
  7398 | D:5      | Reached XP level 9. HP: 77/78 MP: 12/15
  7867 | D:6      | Noticed Pikel
  7924 | D:5      | Killed Pikel
  8072 | D:6      | Found a staircase to the Ecumenical Temple.
  8083 | Temple   | Entered the Ecumenical Temple
  8351 | D:6      | Noticed Menkaure
  8359 | D:6      | Killed Menkaure
  8636 | D:6      | Noticed Blork the orc
  8645 | D:6      | Killed Blork the orc
  9064 | D:6      | Noticed Prince Ribbit
  9072 | D:6      | Killed Prince Ribbit
  9099 | D:6      | Found a faded altar of an unknown god.
  9102 | D:6      | Found a faded altar of an unknown god.
  9102 | D:6      | Found a faded altar of an unknown god.
  9104 | D:6      | Found a hazy altar of Hepliaklqana.
  9419 | D:7      | Reached skill level 5 in Fighting
  9419 | D:7      | Reached skill level 5 in Spellcasting
  9419 | D:7      | Reached XP level 10. HP: 56/83 MP: 17/17
  9505 | D:7      | Reached skill level 5 in Conjurations
  9726 | D:7      | Found a glowing silver altar of Zin.
  9748 | D:7      | Upgraded the game from 0.29-a0-723-gce39da1c22 to
                  | 0.29-a0-730-g5686a2c4f1
 10020 | D:7      | Found a runed translucent door.
 10022 | D:7      | Noticed Atlas's ghost (novice DsIE)
 10954 | D:8      | Learned a level 2 spell: Blink
 11242 | D:8      | Identified the +3 leather armour "Tereub" {rElec Regen+
                  | Str+6 Int-3}
 11751 | D:9      | Noticed a two-headed ogre
 11765 | D:9      | Killed a two-headed ogre
 12012 | D:9      | Found a snail-covered altar of Cheibriados.
 12084 | D:9      | Found a radiant altar of Vehumet.
 12303 | D:9      | Reached ** piety under Ashenzari
 12497 | D:10     | Entered Level 10 of the Dungeon
 12510 | D:10     | Found an opulent altar of Gozag.
 12970 | D:10     | Reached skill level 5 in Dodging
 14013 | D:10     | Found a staircase to the Lair.
 14321 | D:11     | Identified Eringya's Grimoire of Mutagenic Poison
 14408 | D:11     | Reached skill level 1 in Unarmed Combat
 14408 | D:11     | Reached XP level 11. HP: 91/100 MP: 17/21
 14503 | D:11     | Reached skill level 1 in Ranged Weapons
 14503 | D:11     | Reached skill level 1 in Throwing
 14503 | D:11     | Reached skill level 1 in Evocations
 14557 | D:11     | Noticed a cyclops
 14576 | D:11     | Killed a cyclops
 14577 | D:11     | Reached skill level 6 in Fighting
 14699 | D:11     | Reached skill level 5 in Transmutations
 14897 | D:11     | Noticed a brown ugly thing
 14921 | D:11     | Killed a cyan ugly thing
 14922 | D:11     | Reached skill level 5 in Translocations
 15081 | D:11     | Learned a level 5 spell: Borgnjor's Vile Clutch
 15817 | D:11     | Noticed a cyclops
 15826 | D:11     | Killed a cyclops
 16098 | Lair:1   | Entered Level 1 of the Lair of Beasts
 16131 | Lair:1   | Learned a level 3 spell: Mephitic Cloud
 17169 | Lair:2   | Noticed a four-headed hydra
 17169 | Lair:2   | Identified the +0 robe of the Vaults {*Corrode Fly rN+++
                  | Int-2}
 17361 | Lair:2   | Reached XP level 12. HP: 101/110 MP: 10/23
 17483 | Lair:2   | Killed a four-headed hydra
 17729 | Lair:2   | Found a staircase to the Shoals.
 18531 | Lair:2   | Identified the +5 plate armour "Deggar" {rC+}
 18537 | Lair:2   | Reached skill level 7 in Fighting
 19056 | Lair:3   | Reached skill level 1 in Armour
 19869 | Lair:3   | Reached skill level 5 in Unarmed Combat
 19869 | Lair:3   | Gained mutation: You can use your snake-like lower body to
                  | constrict enemies. [Naga growth]
 19869 | Lair:3   | Reached XP level 13. HP: 83/120 MP: 2/25
 20100 | Lair:3   | Reached skill level 5 in Evocations
 20268 | Lair:3   | Noticed a dire elephant
 20371 | Lair:3   | Found a hole to the Spider Nest.
 20775 | Lair:3   | Reached skill level 8 in Fighting
 21174 | Lair:2   | Learned a level 5 spell: Manifold Assault
 21487 | D:12     | Reached skill level 5 in Throwing
 22028 | Lair:1   | Upgraded the game from 0.29-a0-730-g5686a2c4f1 to
                  | 0.29-a0-732-g3d7fbe0af2
 23031 | Lair:4   | Reached skill level 5 in Armour
 23578 | Lair:4   | Noticed Nergalle
 23597 | Lair:4   | Killed Nergalle
 23904 | Lair:4   | Reached *** piety under Ashenzari
 23998 | Lair:4   | Paralysed by a floating eye for 4 turns
 24950 | Lair:4   | Reached skill level 1 in Necromancy
 25078 | Lair:4   | Reached skill level 1 in Earth Magic
 25595 | Lair:5   | Reached XP level 14. HP: 128/133 MP: 24/27
 25860 | Lair:5   | Found a runed translucent door.
 26963 | Lair:6   | Entered Level 6 of the Lair of Beasts
 27280 | Lair:6   | Reached skill level 9 in Fighting
 27598 | Lair:6   | Found a large runed translucent door.
 29111 | Lair:6   | Found a large runed translucent door.
 30878 | Lair:6   | Found a viscous altar of Jiyva.
 30878 | Lair:6   | Found a staircase to the Slime Pits.
 32741 | D:12     | Reached XP level 15. HP: 126/142 MP: 3/29
 32877 | D:12     | Found a staircase to the Orcish Mines.
 34003 | D:12     | Identified the Incunabulum of Nature
 34343 | D:13     | Reached skill level 5 in Necromancy
 34378 | D:13     | Reached skill level 10 in Fighting
 34595 | D:13     | Noticed Mexzoddasi's ghost (journeyman MiBe)
 34610 | D:13     | Found a bloodstained altar of Trog.
 34622 | D:13     | Found a transporter.
 34628 | D:13     | Found a transporter.
 34730 | D:13     | Reached skill level 1 in Fire Magic
 34956 | D:13     | Learned a level 6 spell: Iron Shot
 35530 | D:13     | Reached skill level 5 in Earth Magic
 35702 | D:13     | Found a gate to the Vaults.
 35968 | Orc:1    | Entered Level 1 of the Orcish Mines
 35971 | Orc:1    | Found Doahoara's Jewellery Emporium.
 35989 | Orc:1    | Noticed Maurice
 36164 | Orc:1    | Killed Maurice
 37102 | Orc:2    | Entered Level 2 of the Orcish Mines
 38369 | Orc:2    | Noticed an orc warlord
 38385 | Orc:2    | Killed an orc warlord
 38675 | Orc:2    | Found Xouni's General Store.
 38675 | Orc:2    | Found Rosull's Book Boutique.
 38677 | Orc:2    | Found Eshroz's Magic Scroll Shop.
 38679 | Orc:2    | Found Nowiuwk's Magic Scroll Shoppe.
 38689 | Orc:2    | Bought a scroll of enchant armour for 90 gold pieces
 38689 | Orc:2    | Bought a scroll of teleportation for 36 gold pieces
 38689 | Orc:2    | Bought a scroll of identify for 24 gold pieces
 38692 | Orc:2    | Bought a scroll of teleportation for 48 gold pieces
 38692 | Orc:2    | Bought a potion of heal wounds for 80 gold pieces
 38692 | Orc:2    | Bought a scroll of enchant armour for 120 gold pieces
 38692 | Orc:2    | Bought a potion of resistance for 160 gold pieces
 39051 | Orc:2    | Found a staircase to the Elven Halls.
 39680 | Spider:1 | Entered Level 1 of the Spider Nest
 39895 | Lair:3   | Reached skill level 5 in Fire Magic
 40929 | Spider:1 | Noticed a ghost moth
 41585 | Spider:1 | Noticed a ghost moth
 41592 | Spider:1 | Killed a ghost moth
 41593 | Spider:1 | Reached XP level 16. HP: 149/154 MP: 1/30
 41612 | Spider:1 | Reached skill level 11 in Fighting
 41686 | Spider:1 | Reached skill level 10 in Armour
 41723 | Spider:1 | Identified the +3 hand axe of Jiatui {flame, Drain rPois
                  | Str+4}
 43389 | Spider:2 | Upgraded the game from 0.29-a0-732-g3d7fbe0af2 to
                  | 0.29-a0-757-g358383bc75
 44177 | Spider:2 | Identified the +1 leather armour "Tonnuqag" {rF+}
 44757 | Spider:2 | Found a runed translucent door.
 45667 | Spider:3 | Noticed Arachne
 46552 | Spider:3 | Killed Arachne
 47076 | Spider:3 | Reached skill level 12 in Fighting
 47245 | Spider:3 | Reached XP level 17. HP: 142/164 MP: 24/32
 47310 | Spider:3 | Learned a level 5 spell: Irradiate
 48134 | Spider:4 | Entered Level 4 of the Spider Nest
 48152 | Spider:4 | Reached skill level 10 in Fire Magic
 48229 | Spider:4 | Identified a scroll of acquirement
 48542 | Spider:4 | Noticed Bai Suzhen
 48559 | Spider:4 | Acquired a +0 barding of fire resistance
 48628 | Spider:4 | HP: 7/165 [pharaoh ant (26)]
 48628 | Spider:4 | HP: 3/159 [pharaoh ant (4)]
 49119 | Spider:4 | Reached skill level 10 in Spellcasting
 49946 | Spider:4 | Slain by Bai Suzhen

Illustrated notes

Levels and vault maps discovered:
D:1:      minmay_arrival_arboretum_small, layout_basic
D:2:      layout_loops_cross, serial_shops, nicolae_shop_advertising_works
          [nicolae_subvault_shop_adworks], dreamdust_ecumenical_altar_statues,
          dk_vineyard_1, lightli_corner_chamber, uniq_sigmund, uniq_jessica,
          uniq_natasha
D:3:      layout_basic, mainiacjoe_overflow_alcove_4, marbit_many_paths
D:4:      layout_gridville, nicolae_shop_clearance, uniq_grinder
D:5:      layout_layer_cave, uniq_duvessa
D:6:      layout_loops_ring, nicolae_hepliaklqana_ecumenical_no_more,
          minmay_temple_entry_statues_pillars, minmay_strange_pillars,
          uniq_prince_ribbit1, uniq_pikel, uniq_menkaure, uniq_blork_the_orc
D:7:      layout_basic, zin_statuary, hellmonk_ghost_happy_afterlife
D:8:      layout_basic, minmay_misc_feat_enclosed, lemuel_flame_loot_1
D:9:      layout_irregular_city, slow_altar_2, vehumet_statue
D:10:     layout_stronghold, grunt_gozag_breadcrumbs, lair_entry_dummy
D:11:     layout_irregular_city
D:12:     layout_basic, david_orc_5, introduction_to_nature_2
D:13:     minmay_statue_hallways, layout_rooms, david_vaults_4,
          gammafunk_ghost_wrathful_warriors
Temple:   eino_wide_crystal_templ
Lair:1:   hellmonk_destroyed_diamonds, layout_loops_ring
Lair:2:   layout_gridlike, elwin_shoals_entry_rocks, minmay_lindwurm_lava,
          lemuel_fruit_tree
Lair:3:   mu_elephants_graveyard, layout_gridlike, spider_nest_entry_webs,
          minivault_25, serial_bayou_shore_a
Lair:4:   layout_big_grid, disabler_island, uniq_nergalle
Lair:5:   layout_loops_ring, nicolae_quartered_pool_super, pf_torpor_hydra
Lair:6:   cheibrodos_lair_end_hotspot, layout_loops_ring,
          nicolae_slime_entry_slimehenge, evilmike_ambush
          [evilmike_ambush_outer_basic, evilmike_ambush_inner_pond]
Spider:1: nicolae_spider_hilbert_zone_1 [nicolae_spider_hilbert_4_sides_1_open,
          nicolae_spider_hilbert_4_sides_1_open,
          nicolae_spider_hilbert_4_sides_1_open,
          nicolae_spider_hilbert_4_sides_1_open,
          nicolae_spider_hilbert_3_sides_1_open,
          nicolae_spider_hilbert_3_sides_1_open,
          nicolae_spider_hilbert_3_sides_1_open,
          nicolae_spider_hilbert_3_sides_1_open,
          nicolae_spider_hilbert_3_sides_1_open,
          nicolae_spider_hilbert_6_sides_1_open,
          nicolae_spider_hilbert_6_sides_1_open,
          nicolae_spider_hilbert_3_sides_1_open,
          nicolae_spider_hilbert_3_sides_1_open,
          nicolae_spider_hilbert_3_sides_1_open,
          nicolae_spider_hilbert_3_sides_1_open,
          nicolae_spider_hilbert_2_sides_1_open]
Spider:2: cheibrodos_spider_deadly_dance, nicolae_spider_stair_cavern
Spider:3: layout_spider_delve, lemuel_hornet_nest, uniq_arachne
Spider:4: guppyfry_spider_rune, uniq_bai_suzhen
Orc:1:    layout_diamond_mine, nicolae_orc_flooded_monolith, abandoned_shop,
          nicolae_orc_sculptors_studio, minmay_shop_enchanted_jewellery,
          uniq_maurice
Orc:2:    st_orc_rangers, layout_caves, guppyfry_library_mini

Skill      XL: |  1  2  3  4  5  6  7  8  9 10 11 12 13 14 15 16 17 |
---------------+----------------------------------------------------+-----
Fighting       | 1 2 3 4 5 6 7 8 9 10 12 | 12.4
Dodging        | 2 3 4 5 6 |  6.4
Stealth        | 4 5 6 |  6.5
Spellcasting   | 3 4 5 6 7 8 9 10 | 10.1
Ice Magic      | 5 |  5.2
Conjurations   | 1 2 4 6 7 8 |  8.5
Poison Magic   | 2 3 |  3.2
Hexes          | 1 2 |  2.2
Translocations | 1 2 3 4 5 6 7 |  7.9
Transmutations | 1 2 3 4 5 |  5.2
Shields        | 1 2 4 |  4.4
Unarmed Combat | 1 3 5 6 8 |  8.4
Ranged Weapons | 2 3 |  3.0
Throwing       | 2 4 5 6 |  6.2
Evocations     | 3 4 6 |  6.1
Armour         | 2 5 8 9 11 | 11.4
Necromancy     | 1 4 5 |  5.0
Earth Magic    | 1 4 6 |  6.8
Fire Magic     | 6 9 10 | 10.7

Action                   |  1- 3 |  4- 6 |  7- 9 | 10-12 | 13-15 | 16-18 || total
-------------------------+-------+-------+-------+-------+-------+-------++-------
Melee: Unarmed           |    39 |    21 |     1 |       |       |       ||    61
       Dagger            |       |       |   118 |       |       |       ||   118
       Long sword        |       |       |    12 |       |       |       ||    12
       Punch             |       |       |     1 |       |       |       ||     1
       Rapier            |       |       |   149 |   301 |    46 |       ||   496
       War axe           |       |       |       |    97 |   953 |   184 ||  1234
       Constrict         |       |       |       |       |   153 |    36 ||   189
       Hand axe          |       |       |       |       |    41 |       ||    41
Throw: Boomerang         |       |       |       |       |       |     8 ||     8
 Cast: Freeze            |    17 |    34 |    28 |    20 |     1 |       ||   100
       Frozen Ramparts   |     2 |    14 |    39 |    67 |   101 |    47 ||   270
       Ozocubu's Armour  |       |       |     7 |    25 |    10 |     6 ||    48
       Poisonous Vapours |       |       |       |    41 |    20 |    11 ||    72
       Hailstorm         |       |       |       |    25 |    13 |       ||    38
       Blink             |       |       |       |     7 |     1 |     1 ||     9
       Mephitic Cloud    |       |       |       |    14 |    59 |    21 ||    94
       Manifold Assault  |       |       |       |       |   253 |     9 ||   262
       Borgnjor's Vile C |       |       |       |       |    59 |   182 ||   241
       Iron Shot         |       |       |       |       |     2 |    26 ||    28
       Irradiate         |       |       |       |       |       |     2 ||     2
Invok: Curse Item        |       |       |     2 |     2 |     1 |       ||     5
 Abil: Spit Poison       |    18 |    10 |     9 |     6 |    12 |     2 ||    57
Evoke: Wand              |       |       |     9 |     6 |    18 |    10 ||    43
  Use: Potion            |       |     1 |     4 |     3 |     7 |     6 ||    21
       Scroll            |       |     3 |     2 |     3 |     8 |    11 ||    27
 Stab: Sleeping          |       |     1 |     6 |     1 |     4 |       ||    12
       Confused          |       |       |       |     4 |    22 |     4 ||    30
       Distracted        |       |       |       |       |     1 |       ||     1
       Invisible         |       |       |       |       |     1 |       ||     1
Armor: Robe              |    17 |    17 |    45 |       |       |       ||    79
       Ring mail         |       |       |    86 |   250 |   206 |       ||   542
       Leather armour    |       |       |       |       |   411 |   315 ||   726
Dodge: Dodged            |    28 |    29 |   120 |   231 |   602 |   213 ||  1223
Block: Buckler           |       |       |    21 |   101 |   367 |   127 ||   616

Table legend: (Time is in decaauts)
 A = Elapsed time spent in this place.
 B = Non-inter-level travel time spent in this place.
 C = Inter-level travel time spent in this place.
 D = Time resting spent in this place.
 E = Time spent auto-exploring this place.
 F = Levels seen in this place.
 G = Mean time per level.
                   A        B        C        D        E       F      G
               +--------+--------+--------+--------+--------+-----+--------+
         Total |  58248 |  55712 |   2536 |  22199 |  22611 |  26 | 2240.3 |
       Dungeon |  25599 |  24302 |   1297 |   7364 |  12416 |  13 | 1969.2 |
        Temple |      1 |      1 |      0 |      0 |      0 |   1 |    1.0 |
          Lair |  18010 |  17218 |    792 |   7266 |   6638 |   6 | 3001.7 |
   Spider Nest |  10862 |  10578 |    284 |   6042 |   2440 |   4 | 2715.5 |
  Orcish Mines |   3773 |   3611 |    162 |   1525 |   1116 |   2 | 1886.5 |
               +--------+--------+--------+--------+--------+-----+--------+

Top non-repeatable levels by time:
  Lair:6: 5352 daAuts
  Lair:3: 4223 daAuts
Spider:2: 3806 daAuts
    D:12: 3612 daAuts
Spider:1: 3445 daAuts
  Lair:4: 2978 daAuts
Spider:3: 2699 daAuts
    D:11: 2633 daAuts
     D:5: 2545 daAuts
  Lair:2: 2213 daAuts
     D:1: 2050 daAuts
    D:10: 1990 daAuts
   Orc:2: 1908 daAuts
    D:13: 1884 daAuts
   Orc:1: 1865 daAuts
